 Dungeon Crawl Stone Soup version 0.26-a0-651-gb41185065b (webtiles) character file.

Game seed: 14363703811451185909

10118 Flugslaktarn the Cleaver (level 11, -4/106 HPs)
             Began as a Deep Dwarf Fighter on Oct 14, 2020.
             Was an Elder of Makhleb.
             Slain by a sun demon (17 damage)
             ... on level 1 of the Abyss.
             The game lasted 00:06:11 (6569 turns).

Flugslaktarn the Cleaver (Deep Dwarf Fighter)       Turns: 6569, Time: 00:06:11

Health: -4/106     AC: 17    Str: 21    XL:     11   Next: 32%
Magic:  4/4        EV:  8    Int:  8    God:    Makhleb [****..]
Gold:   375        SH: 10    Dex: 15    Spells: 10/10 levels left

rFire    . . .     SeeInvis .   a - +1 war axe
rCold    + . .     Faith    .   i - +0 kite shield
rNeg     . . .     Spirit   .   f - +0 plate armour
rPois    +         Reflect  .   n - +0 helmet
rElec    .         Harm     .   (no cloak)
rCorr    .         Rampage  .   y - +0 pair of gloves
MR       +....                  b - +0 pair of boots {Fly}
Stlth    ..........             (no amulet)
HPRegen  0.00/turn              c - ring of protection from cold
MPRegen  0.09/turn              o - ring of poison resistance

@: flying, non-regenerating
A: damage resistance, heal wounds, sense surroundings 2, no regeneration
a: Heal Wounds, Minor Destruction, Lesser Servant of Makhleb, Major Destruction,
Renounce Religion, Stop Flying


You were on level 1 of the Abyss.
You worshipped Makhleb.
Makhleb was greatly pleased with you.
You visited 2 branches of the dungeon, and saw 11 of its levels.
You visited the Abyss 1 time.
You also visited: Ossuary and Bailey.

You collected 536 gold pieces.
You spent 161 gold pieces at shops.

Inventory:

Hand Weapons
 a - a +1 war axe (weapon)
Armour
 b - a +0 pair of boots of flying (worn)
   (You bought it in a shop on level 9 of the Dungeon)
 f - a +0 plate armour (worn)
   (You took it off an orc warrior in a bailey)
 i - a +0 kite shield (worn)
 n - a +0 helmet (worn)
   (You found it on level 4 of the Dungeon)
 y - a +0 pair of gloves (worn)
   (You found it on level 6 of the Dungeon)
Jewellery
 c - a ring of protection from cold (left hand)
   (You found it on level 2 of the Dungeon)
 d - an uncursed amulet of regeneration
   (You found it on level 10 of the Dungeon)
 o - a ring of poison resistance (right hand)
   (You found it on level 6 of the Dungeon)
Wands
 j - a wand of iceblast (7)
   (You found it on level 1 of the Abyss)
Scrolls
 e - 5 scrolls of enchant weapon
 m - a scroll of fog
 r - 2 scrolls of identify
 t - a scroll of teleportation
 x - 3 scrolls of remove curse
 z - a scroll of blinking
 B - a scroll of immolation
Potions
 g - a potion of invisibility {unknown}
 h - 2 potions of haste
 k - 2 potions of flight
 q - 5 potions of curing
 u - 3 potions of cancellation
 w - a potion of heal wounds
 C - 2 potions of ambrosia
 D - a potion of magic


   Skills:
 * Level 9.3 Fighting
 * Level 10.7 Axes
 + Level 8.2 Armour
 + Level 7.1 Dodging
 - Level 3.7 Shields
 + Level 8.6 Invocations


You had 10 spell levels left.
You didn't know any spells.
Your spell library was empty.

Dungeon Overview and Level Annotations

Branches:
Dungeon (10/15)            Temple (1/1) D:4         Ossuary (visited)
 Bailey (visited)
   Lair: D:8-11         Orc: D:9-12

Altars:
Ashenzari
Cheibriados
Dithmenos
Elyvilon
Gozag
Kikubaaqudgha
Makhleb
Nemelex Xobeh
Okawaru
Qazlal
Ru
Vehumet
Xom
Yredelemnul
Zin
The Shining One

Shops:
D:5 }   D:6 [   D:7 (   D:9 *

Annotations:
D:6 exclusion: door
D:7 1 runed translucent door, Lanoc's ghost, novice NaCK
D:8 2 transporters, Arthanis's ghost, novice GrBe
D:10 Sonja


Innate Abilities, Weirdness & Mutations

You are resistant to damage.
You can heal yourself by infusing magical energy.
You passively map the area around you.
You do not regenerate.


Message History

You are too injured to fight recklessly!
You are too injured to fight recklessly!
You are too injured to fight recklessly!
You are too injured to fight recklessly!
You are too injured to fight recklessly!
You are too injured to fight recklessly!
You are too injured to fight recklessly!
You are too injured to fight recklessly!
You are too injured to fight recklessly!
You fail to use your ability.
You block the sun demon's attack.
You hit the sun demon.
The sun demon is heavily wounded.
The sun demon hits you.
You are engulfed in flames!
* * * LOW HITPOINT WARNING * * *
You are too injured to fight recklessly!
You hit the sun demon.
The sun demon is severely wounded.
You block the sun demon's attack. The sun demon hits you.
You are engulfed in flames!!
You die...

#. .## ...### # . .
.#.....#..# .......
......#
............#
........# #.....#
#...# #####3#####
###### ##...@.....#
#... .....##.######
#.####.####.......#
..# # #.....# .
##.####... ##...##
##. #. ## #.....
.....# #....####
#..###.. ## ### ..#
... . #


You could see a sun demon.

Vanquished Creatures
  Erolcha (D:10)
  A two-headed ogre (D:6)
  Joseph (D:8)
  A gargoyle (D:10)
  Maggie (D:7)
  A meliai (shapeshifter) (Abyss:1)
  A troll (D:9)
  2 hippogriffs (D:9)
  Sigmund (D:6)
  9 yaks (D:9)
  A water moccasin (D:7)
  13 orc warriors
  2 ice beasts
  A black bear (D:9)
  5 ogres
  3 phantoms
  A centaur (D:7)
  A big kobold (D:8)
  4 bullfrogs
  3 elf skeletons (D:6)
  13 scorpions
  3 wights (D:10)
  A bullfrog zombie (D:8)
  4 jellies
  4 orc priests
  A centaur skeleton (D:6)
  A centaur zombie (D:8)
  2 human zombies
  A bullfrog skeleton (D:6)
  10 hounds
  An iguana (D:5)
  11 orc wizards
  8 worker ants
  A big kobold zombie (Ossuary)
  3 mummies (Ossuary)
  A worker ant zombie (D:9)
  8 adders
  3 gnolls (D:5)
  2 scorpion zombies (Ossuary)
  2 shadow imps
  3 white imps
  An ufetubus (D:10)
  2 adder skeletons
  3 dart slugs
  5 leopard geckos
  48 orcs
  2 giant cockroaches
  4 goblins
  A hobgoblin (D:2)
  12 jackals
  A quokka (D:3)
  2 bats
  A frilled lizard (D:3)
  3 gnoll zombies (Ossuary)
  2 goblin zombies (Ossuary)
  3 hobgoblin zombies (Ossuary)
  9 kobolds
  4 kobold zombies (Ossuary)
  2 orc skeletons (D:6)
  An orc zombie (Ossuary)
  A quokka zombie (D:6)
  4 rats
247 creatures vanquished.

Vanquished Creatures (collateral kills)
  An orc knight (Bailey)
  3 orc warriors (Bailey)
4 creatures vanquished.

Vanquished Creatures (others)
  4 plants (D:8)
4 creatures vanquished.

Grand Total: 255 creatures vanquished

Notes
Turn   | Place    | Note
-------+----------+-------------------------------------------
     0 | D:1      | Flugslaktarn the Deep Dwarf Fighter began the quest for the
                  | Orb.
     0 | D:1      | Reached XP level 1. HP: 20/20 MP: 1/1
     6 | D:1      | Noticed a redback
     6 | D:1      | Noticed a lindwurm
     6 | D:1      | Noticed a salamander
     7 | D:1      | Noticed a black bear
   187 | D:2      | Reached XP level 2. HP: 22/27 MP: 2/2
   301 | D:3      | Reached XP level 3. HP: 22/34 MP: 3/3
   316 | D:3      | Reached skill level 3 in Axes
   474 | D:4      | Found a staircase to the Ecumenical Temple.
   493 | D:4      | Reached XP level 4. HP: 26/42 MP: 3/3
   498 | Temple   | Entered the Ecumenical Temple
   608 | Temple   | Became a worshipper of Makhleb the Destroyer
   839 | D:4      | Reached XP level 5. HP: 47/50 MP: 4/4
   945 | D:4      | Noticed an ice beast
   971 | D:4      | Killed an ice beast
   971 | D:4      | Reached skill level 4 in Axes
   971 | D:4      | Reached skill level 1 in Dodging
   971 | D:4      | Reached skill level 1 in Invocations
  1072 | D:4      | Reached XP level 6. HP: 38/57 MP: 5/5
  1490 | D:5      | Entered Level 5 of the Dungeon
  1549 | D:5      | Found Qixuemet's Gadget Shop.
  1896 | D:5      | Found a glowing silver altar of Zin.
  1965 | D:5      | Found the +10 dark maul {vorpal}
  2203 | D:5      | Reached XP level 7. HP: 57/66 MP: 5/5
  2221 | D:5      | Reached skill level 5 in Axes
  2402 | D:6      | Noticed a two-headed ogre
  2422 | D:6      | Killed a two-headed ogre
  2422 | D:6      | Reached * piety under Makhleb
  2422 | D:6      | Reached skill level 5 in Fighting
  2422 | D:6      | Reached skill level 6 in Axes
  2422 | D:6      | Reached skill level 5 in Armour
  2422 | D:6      | Reached XP level 8. HP: 42/76 MP: 5/7
  2509 | D:6      | Found Jeughy's Antique Armour Boutique.
  2576 | D:6      | Found a sand-covered staircase.
  2590 | Ossuary  | Entered an ossuary
  2643 | Ossuary  | Reached skill level 5 in Invocations
  2660 | Ossuary  | Reached skill level 7 in Axes
  2763 | Ossuary  | Gained mutation: You passively map the area around you.
                  | [Deep Dwarf growth]
  2763 | Ossuary  | Reached XP level 9. HP: 57/85 MP: 6/6
  2937 | D:6      | Reached ** piety under Makhleb
  3009 | D:6      | Noticed Sigmund
  3025 | D:6      | Killed Sigmund
  3405 | D:6      | Reached skill level 8 in Axes
  3581 | D:7      | Reached skill level 5 in Dodging
  3713 | D:7      | Found Xauloesh's Antique Weapon Shop.
  4131 | D:7      | Found a runed translucent door.
  4133 | D:7      | Noticed Lanoc's ghost (novice NaCK)
  4338 | D:7      | Noticed Maggie
  4353 | D:7      | Killed Maggie
  4627 | D:8      | Reached XP level 10. HP: 64/94 MP: 6/8
  4634 | D:8      | Found a transporter.
  4668 | D:8      | Reached *** piety under Makhleb
  4704 | D:8      | Noticed Joseph
  4729 | D:8      | Reached skill level 9 in Axes
  4758 | D:8      | Killed Joseph
  4859 | D:8      | Found a transporter.
  4924 | D:8      | Found an ancient bone altar of Kikubaaqudgha.
  5012 | D:8      | Identified the ring of Ryrcha {rCorr Str+2 Slay+2}
  5064 | D:8      | Noticed Arthanis's ghost (novice GrBe)
  5193 | D:9      | Found a flagged portal.
  5224 | D:9      | Got a pair of crude gloves
  5236 | D:9      | Identified the +0 pair of gloves of the Undertaker {Regen+
                  | rCorr Str-3 Int+3} (You found it on level 9 of the Dungeon)
  5246 | Bailey   | Entered a bailey
  5504 | Bailey   | Noticed an orc knight
  5537 | Bailey   | Killed an orc knight
  5668 | D:9      | Found Jopsiuwep's General Store.
  5689 | D:9      | Bought a +0 pair of boots of flying for 161 gold pieces
  5707 | D:9      | Found a sparkling altar of Nemelex Xobeh.
  5714 | D:9      | Reached **** piety under Makhleb
  5833 | D:9      | Reached skill level 10 in Axes
  6007 | D:9      | Reached XP level 11. HP: 103/104 MP: 4/4
  6253 | D:10     | Entered Level 10 of the Dungeon
  6289 | D:10     | Noticed Sonja
  6465 | D:10     | Noticed Erolcha
  6483 | D:10     | Killed Erolcha
  6495 | D:10     | Cast into level 1 of the Abyss (Sonja)
  6545 | Abyss:1  | Noticed a sun demon
  6569 | Abyss:1  | Slain by a sun demon

Illustrated notes

Levels and vault maps discovered:
D:1:      onia_arrival_zoo_common, layout_loops_ring
D:2:      layout_basic, nicolae_overflow_quartered_altars, lemuel_round_altar
D:3:      minmay_bubble_buster, layout_loops_cross, dancing_weapons_uskayaw
D:4:      layout_loops_corners, minmay_temple_entry_proselytizer
D:5:      layout_loops_corners, zin_academy, serial_shops, kennysheep_mini
D:6:      layout_loops_ring, serial_shops, shop_fountains,
          nicolae_ossuary_entry_catacombs, uniq_sigmund
D:7:      layout_layer_cave, ebering_ghost_inner_flame, serial_shops,
          nicolae_shop_competitors_out_of_business,
          ebering_dispersal_statue_hall, uniq_maggie
D:8:      layout_gridville, kiku_gazebo_pond_becter,
          gammafunk_ghost_gnarly_gnolls, uniq_joseph
D:9:      layout_irregular_city, enter_bailey_2, basic_altar, serial_shops,
          shop_fountains
D:10:     layout_rooms, uniq_sonja, uniq_erolcha
Temple:   jpeg_temple_clearing
Abyss:1:  base:
D:6

Skill      XL: |  1  2  3  4  5  6  7  8  9 10 11 |
---------------+----------------------------------+-----
Fighting       | 3 4 5 6 7 8 9 |  9.3
Axes           | 3 4 6 7 8 10 | 10.7
Armour         | 4 5 6 7 8 |  8.2
Dodging        | 1 2 3 4 5 6 7 |  7.1
Invocations    | 1 2 4 5 6 8 |  8.6
Shields        | |  3.7

Action                   |  1- 3 |  4- 6 |  7- 9 | 10-12 || total
-------------------------+-------+-------+-------+-------++-------
Melee: War axe           |    84 |   178 |   475 |   424 ||  1161
Throw: Dart              |       |       |       |     4 ||     4
Invok: Lesser Servant of |       |       |       |     5 ||     5
 Abil: Heal Wounds       |     2 |     5 |    12 |    24 ||    43
  Use: Potion            |       |       |     1 |     7 ||     8
       Scroll            |       |       |       |    16 ||    16
Armor: Scale mail        |    21 |       |       |       ||    21
       Chain mail        |    26 |    97 |   211 |   152 ||   486
       Plate armour      |       |       |       |   134 ||   134
       Skin              |       |       |       |     6 ||     6
Dodge: Dodged            |    16 |    43 |   107 |   207 ||   373
Block: Kite shield       |    50 |    86 |   219 |   347 ||   702

Table legend: (Time is in decaauts)
 A = Elapsed time spent in this place.
 B = Non-inter-level travel time spent in this place.
 C = Inter-level travel time spent in this place.
 D = Time resting spent in this place.
 E = Time spent auto-exploring this place.
 F = Levels seen in this place.
 G = Mean time per level.
                   A        B        C        D        E       F      G
               +--------+--------+--------+--------+--------+-----+--------+
         Total |   6796 |   6359 |    437 |    123 |   3869 |  14 |  485.4 |
       Dungeon |   5875 |   5480 |    395 |    100 |   3629 |  10 |  587.5 |
        Temple |    138 |     96 |     42 |      0 |     94 |   1 |  138.0 |
         Abyss |     74 |     74 |      0 |      0 |     47 |   1 |   74.0 |
       Ossuary |    367 |    367 |      0 |      0 |     99 |   1 |  367.0 |
        Bailey |    340 |    340 |      0 |     23 |      0 |   1 |  340.0 |
               +--------+--------+--------+--------+--------+-----+--------+

Top non-repeatable levels by time:
     D:7: 1070 daAuts
     D:4: 956 daAuts
     D:6: 913 daAuts
     D:5: 903 daAuts
     D:9: 859 daAuts
     D:8: 521 daAuts
 Ossuary: 367 daAuts
  Bailey: 340 daAuts
     D:3: 225 daAuts
    D:10: 188 daAuts
     D:1: 167 daAuts
  Temple: 138 daAuts
 Abyss:1: 74 daAuts
     D:2: 69 daAuts
